 Dungeon Crawl Stone Soup version 0.31.0-32-g396128a36d (webtiles) character file.

Game seed: 2694350813288872148

4 PriceMaster the Apothecary (level 1, -1/11 HPs)
             Began as an Octopode Alchemist on Apr 22, 2024.
             Slain by a kobold
             ... wielding a +0 short sword
              (3 damage)
             ... on level 1 of the Dungeon.
             The game lasted 00:00:13 (52 turns).

PriceMaster the Apothecary (Octopode Alchemist)       Turns: 52, Time: 00:00:14

Health: -1/11      AC:  1    Str:  7    XL:     1   Next: 70%
Magic:  0/3        EV: 13    Int: 17    God:
Gold:   0          SH:  0    Dex: 12    Spells: 3/4 levels left

rFire   . . .        (no weapon)
rCold   . . .        (no shield)
rNeg    . . .        (helmet restricted)
rPois   .            (no amulet)
rElec   .            (no ring)
rCorr   .            (no ring)
SInv    .            (no ring)
Will    .....        (no ring)
Stlth   +++          (no ring)
HPRegen 0.21/turn    (no ring)
MPRegen 0.08/turn    (no ring)
                     (no ring)

%: no passive effects
@: no status effects
A: almost no armour, amphibious, 8 rings, camouflage 1, gelatinous body 1,
(nimble swimmer 1), tentacles
a: no special abilities


You were on level 1 of the Dungeon.
You visited 1 branch of the dungeon, and saw 1 of its levels.

Inventory:

Potions
 a - a potion of magic


   Skills:
 + Level 2.0 Dodging
 + Level 2.6 Stealth
 + Level 2.0 Spellcasting
 + Level 1.0 Conjurations
 + Level 3.7 Alchemy


You had 3 spell levels left.
You knew the following spells:

 Your Spells              Type           Power      Damage    Failure   Level
a - Sting                 Conj/Alch      36%        1d5       8%          1

Your spell library contained the following spells:

 Spells                   Type           Power      Damage    Failure   Level
 Mercury Vapours          Alch/Air       14%        N/A       14%         2
 Mephitic Cloud           Conj/Alch/Air  7%         N/A       30%         3
 Olgreb's Toxic Radiance  Alch           14%        N/A       38%         4
 Sticky Flame             Fire/Alch      7%         2d4       65%         4


Dungeon Overview and Level Annotations

Branches:
Dungeon (1/15)

Altars:


Innate Abilities, Weirdness & Mutations

You cannot wear most types of armour.
You are amphibious.
You can wear up to eight rings at the same time.
Your skin changes colour to match your surroundings (Stealth+).
Your rubbery body absorbs attacks. (AC +1, EV +1)
((You are camouflaged when in or above water. (Stealth+)))
You have tentacles for arms and can constrict up to eight enemies at once.


Message History

You tentacle-slap the giant cockroach. Your grab misses the giant cockroach.
The giant cockroach is severely wounded.
The giant cockroach closely misses you. The giant cockroach bites you.
You tentacle-slap the giant cockroach but do no damage.
Your grab misses the giant cockroach.
The giant cockroach is severely wounded.
The giant cockroach misses you.
You tentacle-slap the giant cockroach but do no damage.
You grab the giant cockroach.
You tentacle-slap the giant cockroach, but do no damage.
Your squeeze misses the giant cockroach.
The giant cockroach is severely wounded.
You constrict the giant cockroach.
You kill the giant cockroach!
You tentacle-slap the goblin. Your grab misses the goblin.
The goblin is heavily wounded.
The goblin barely misses you.
You barely miss the goblin. Your grab misses the goblin.
Your squeeze misses the goblin.
The goblin is heavily wounded.
The goblin hits you with a +0 club.
You closely miss the goblin. Your grab misses the goblin.
Your squeeze misses the goblin.
The goblin is moderately wounded.
The goblin hits you with a +0 club.
* * * LOW HITPOINT WARNING * * *
Casting: Sting (safe; 8% risk of failure)
Confirm with . or Enter, or press ? or * to list all spells.
Aiming: Sting (safe; 8% risk of failure)
Press: ? - help, Shift-Dir - straight line, f - goblin
Aim: a goblin, wielding a +0 club (moderately wounded, 60% to hit)
The sting hits the goblin.
The goblin is poisoned.
You kill the goblin!
Unknown command.
Okay, then.
You tentacle-slap the kobold. You grab the kobold.
The kobold is moderately wounded.
You constrict the kobold, but do no damage.
The kobold hits you with a +0 short sword.
You die...

#.....#
#...... #
#.....#.#
.....#. .
..... ..
... ...
#K# ..#
#@# ...##
##.#......
#.........
#.###.####
###.#.##>#
..###...#
###.#.##.#
#.##
###### #.#
##~##~##


You could see a kobold.

Vanquished Creatures
  2 ball pythons (D:1)
  A giant cockroach (D:1)
  A goblin (D:1)
4 creatures vanquished.

Notes
Turn   | Place    | Note
-------+----------+-------------------------------------------
     0 | D:1      | PriceMaster the Octopode Alchemist began the quest for the
                  | Orb.
     0 | D:1      | Reached XP level 1. HP: 11/11 MP: 3/3
    52 | D:1      | Slain by a kobold

Illustrated notes

Levels and vault maps discovered:
D:1:      ldierk_walled_garden_2, layout_loops_ring, chequers_avenue,
          nicolae_twisty_statue_hallways

Action                     || total
---------------------------++-------
  Melee: Unarmed           ||    11
         Constrict         ||     3
         Punch             ||     1
   Cast: Sting             ||     4
 Armour: Skin              ||     7
  Dodge: Dodged            ||    10
